Map: Simulacrum LE

Players

RedLine

  • Race: Terran Terran
  • League: Diamond
  • Spawn Location: 5:00

ViBE - Winner!

  • Race: Zerg Zerg
  • League: Master
  • Spawn Location: 11:00

VOD

Have the link to the VOD?

Description

Time

  • Played on: Dec. 26, 2019, 12:41 a.m.
  • Length: 13:51
Show
View Real Time Build Order
Export as new Build Order

RedLine Terran 

Build Orders: Reaper Expand, Hellion Banshee 

Get SALT Encoding   

  12  0:01  SCV  
  13  0:13  SCV  
  14  0:18  Supply Depot  
  14  0:26  SCV  
  15  0:39  SCV  
  15  0:40  Barracks  
  16  0:44  Refinery  
  16  0:51  SCV  
  17  1:10  SCV  
  18  1:22  SCV  
  19  1:28  Reaper  
  20  1:35  Orbital Command  
  20  1:43  Command Center  
  20  1:57  Supply Depot  
  20  1:59  Marine  
  20  2:00  Refinery  
  21  2:03  SCV  
  22  2:15  SCV  
  22  2:21  Factory  
  22  2:22  Barracks Reactor  
  23  2:28  SCV  
  24  2:40  SCV  
  25  2:52  SCV  
  27  3:00  Orbital Command  
  27  3:04  SCV  
  27  3:10  Starport  
  31  3:12  Hellion  
  31  3:13  Hellion  
  31  3:16  Armory, SCV  
  32  3:26  Barracks Tech Lab  
  32  3:28  SCV  
  32  3:32  SCV  
  34  3:40  SCV, Hellion x2  
  38  3:44  SCV  
  38  3:47  Supply Depot  
  39  3:52  SCV  
  39  3:53  Viking  
  42  3:56  SCV  
  42  4:01  Hellion  
  45  4:04  SCV  
  45  4:09  SCV, Hellion  
  49  4:13  Supply Depot  
  49  4:16  SCV  
  50  4:21  SCV  
  51  4:28  SCV  
  52  4:33  SCV  
  53  4:41  SCV  
  53  4:45  SCV  
  53  4:48  Command Center  
  53  4:50  Refinery  
  53  4:51  Refinery  
  51  4:53  SCV  
  51  4:56  Cloaking Field, Banshee  
  51  4:57  SCV  
  52  5:03  Supply Depot  
  52  5:05  SCV, Hellion x2  
  57  5:09  SCV  
  58  5:17  SCV  
  59  5:21  SCV  
  59  5:26  Supply Depot x2  
  60  5:29  SCV  
  60  5:31  Command Center  
  60  5:34  SCV  
  62  5:41  SCV  
  63  5:46  SCV  
  63  5:49  Banshee  
  67  5:53  SCV  
  68  5:57  Supply Depot  
  68  5:58  SCV  
  68  5:59  Hellion x2  
  73  6:05  SCV  
  73  6:06  Factory  
  73  6:10  Engineering Bay, SCV  
  73  6:11  Factory  
  75  6:12  Factory  
  75  6:17  SCV  
  76  6:22  SCV  
  76  6:23  Supply Depot  
  77  6:29  SCV  
  77  6:32  Banshee  
  82  6:33  Hellion  
  82  6:34  Orbital Command, SCV, Hellion  
  82  6:37  Refinery x2  
  86  6:42  Missile Turret, SCV  
  86  6:45  Missile Turret  
  86  6:46  SCV  
  88  6:49  Missile Turret  
  88  6:51  Missile Turret  
  88  6:53  Missile Turret  
  88  6:54  SCV  
  89  6:55  SCV  
  89  6:58  SCV  
  89  7:00  SCV  
  92  7:03  Hellion x2  
  92  7:06  SCV  
  97  7:15  SCV  
  94  7:20  Factory Tech Lab x2, Hellion  
  94  7:30  Hellion x2  
  94  7:34  SCV x2  
  94  7:37  Sensor Tower  
  94  7:42  SCV  
  95  7:46  SCV  
  95  7:47  Factory Tech Lab  
  95  7:51  Factory  
  96  7:52  SCV  
  96  7:54  Command Center  
  94  8:06  Siege Tank  
  94  8:07  Thor, Hellion x2  
  94  8:08  SCV, Siege Tank  
  94  8:12  SCV  
  112  8:19  Banshee  
  112  8:22  SCV  
  112  8:26  Missile Turret, SCV  
  112  8:27  Missile Turret  
  117  8:28  Sensor Tower, SCV  
  117  8:29  Hellion x2  
  117  8:30  Terran Vehicle Weapons Level 1  
  122  8:35  Factory Tech Lab, Armory, Supply Depot  
  122  8:38  Supply Depot  
  122  8:39  Missile Turret  
  122  8:40  Supply Depot  
  122  8:42  SCV  
  122  8:44  Siege Tank  
  122  8:45  Hellion  
  122  8:46  SCV  
  129  8:49  Planetary Fortress  
  129  8:53  SCV  
  130  8:59  Missile Turret  
  130  9:02  Banshee  
  127  9:03  SCV  
  131  9:16  SCV  
  132  9:18  Hyperflight Rotors, SCV  
  132  9:21  Siege Tank  
  132  9:22  Siege Tank  
  139  9:24  SCV  
  139  9:27  Refinery  
  139  9:28  Orbital Command, SCV, Refinery  
  139  9:30  Thor x2  
  153  9:34  Infernal Pre-Igniter  
  153  9:35  SCV  
  153  9:36  Factory  
  154  9:44  SCV  
  154  9:45  SCV  
  156  9:47  SCV  
  157  9:53  Thor  
  157  9:54  Siege Tank  
  166  10:06  Banshee  
  169  10:12  SCV  
  170  10:17  Terran Vehicle And Ship Armor Level 1  
  170  10:21  Hi-Sec Auto Tracking  
  170  10:23  Supply Depot x2  
  170  10:25  Missile Turret, Supply Depot  
  170  10:28  Supply Depot  
  170  10:29  Siege Tank x2  
  170  10:30  Sensor Tower, Supply Depot, Hellion  
  170  10:31  Liberator  
  170  10:33  Hellion  
  170  10:35  Missile Turret  
  171  10:36  Smart Servos  
  171  10:39  Factory Tech Lab  
  171  10:42  Factory  
  171  10:44  Thor, Siege Tank  
  183  11:01  Siege Tank  
  183  11:02  Siege Tank x2  
  164  11:17  Siege Tank  
  128  11:22  Hellion  
  130  11:26  Terran Vehicle Weapons Level 2  
  130  11:27  Siege Tank  
  130  11:28  SCV, Supply Depot  
  134  11:33  Siege Tank, Supply Depot  
  134  11:34  Banshee, Siege Tank, Supply Depot  
  134  11:39  SCV  
  142  11:52  SCV  
  142  11:53  Siege Tank x2  
  142  11:54  Hellion x2  
  153  11:57  SCV  
  154  12:02  Orbital Command  
  154  12:09  Command Center  
  154  12:13  Siege Tank x2  
  154  12:15  Hellion, Command Center  
  166  12:16  Hellion, Command Center  
  166  12:20  Factory Tech Lab  
  164  12:26  Sensor Tower  
  164  12:28  Hellion x2  
  168  12:31  SCV x2  
  168  12:32  SCV  
  168  12:36  SCV  
  172  12:39  Thor, Refinery  
  172  12:40  Refinery  
  172  12:43  SCV  
  177  13:02  Missile Turret  
  193  13:26  Hellion x2  
  189  13:30  Hellion  
Show
View Real Time Build Order
Export as new Build Order

ViBE Zerg - Winner!

Build Orders: Hatch First, Brood Lord Corruptor, Lurkers 

Get SALT Encoding   

  12  0:01  Drone  
  13  0:15  Overlord  
  13  0:19  Drone  
  14  0:34  Drone x2  
  16  0:40  Drone  
  17  0:55  Hatchery  
  16  0:58  Drone  
  16  1:03  Drone  
  18  1:14  Spawning Pool  
  18  1:16  Drone  
  18  1:21  Drone  
  19  1:36  Drone, Extractor  
  19  1:43  Drone  
  20  1:57  Drone  
  21  2:06  Queen  
  21  2:07  Queen  
  25  2:13  Zergling x4  
  27  2:16  Overlord  
  27  2:19  Drone  
  28  2:29  Spore Crawler  
  27  2:32  Drone  
  27  2:34  Overlord  
  27  2:35  Spore Crawler  
  28  2:52  Drone x4  
  28  2:57  Hatchery, Metabolic Boost  
  30  3:01  Queen  
  32  3:09  Overlord  
  32  3:15  Overlord  
  32  3:20  Drone x3  
  32  3:23  Spore Crawler  
  32  3:24  Drone  
  36  3:39  Drone x6  
  41  3:44  Queen  
  41  3:48  Overlord  
  43  4:03  Drone x3  
  43  4:04  Drone x6  
  53  4:10  Zergling x2  
  53  4:14  Lair  
  53  4:18  Baneling Nest  
  53  4:19  Zergling x2  
  53  4:20  Zergling x2  
  54  4:30  Queen x2  
  56  4:32  Zergling x8  
  56  4:33  Zergling x2  
  59  4:44  Drone x7  
  64  4:55  Drone x5  
  69  5:14  Hatchery, Centrifical Hooks  
  69  5:15  Drone x3, Extractor  
  69  5:16  Drone x3, Overlord x2  
  69  5:19  Extractor  
  69  5:21  Extractor  
  71  5:27  Drone  
  71  5:28  Drone  
  73  5:31  Overseer  
  73  5:32  Overlord x4  
  73  5:47  Drone x2  
  73  5:48  Drone x5  
  80  5:50  Spore Crawler  
  80  5:51  Spore Crawler  
  80  5:52  Spore Crawler  
  77  5:58  Drone x6  
  77  6:02  Infestation Pit  
  82  6:05  Extractor  
  82  6:07  Extractor  
  80  6:12  Spore Crawler  
  79  6:19  Spore Crawler  
  79  6:22  Drone  
  79  6:23  Drone x7  
  79  6:24  Spore Crawler  
  79  6:25  Overseer  
  85  6:28  Queen x2  
  89  6:37  Drone  
  90  6:46  Baneling x10  
  90  6:47  Baneling  
  90  6:51  Hive  
  90  6:52  Hydralisk Den  
  87  6:55  Evolution Chamber, Zergling x24  
  87  6:57  Evolution Chamber  
  92  7:20  Drone x12  
  102  7:33  Zerg Ground Armor Level 1, Zerg Melee Weapons Level 1  
  102  7:36  Drone x7  
  109  7:42  Drone, Extractor  
  109  7:43  Drone x2  
  109  7:44  Extractor  
  110  7:50  Hatchery  
  109  7:54  Hydralisk x3  
  109  7:55  Lurker Den, Spire  
  109  8:04  Hydralisk x2  
  110  8:06  Overlord x8  
  110  8:10  Grooved Spines  
  110  8:23  Queen  
  112  8:33  Hydralisk  
  112  8:34  Hydralisk x14  
  142  8:54  Pneumatized Carapace  
  142  9:08  Adaptive Talons, Greater Spire  
  142  9:10  Drone  
  142  9:11  Drone x9  
  142  9:13  Spine Crawler x2  
  142  9:15  Spine Crawler  
  142  9:16  Spine Crawler  
  148  9:19  Spine Crawler x2  
  148  9:20  Spine Crawler  
  148  9:21  Spine Crawler, Muscular Augments  
  148  9:23  Adrenal Glands  
  144  9:27  Zerg Missile Weapons Level 1  
  144  9:28  Zerg Melee Weapons Level 2  
  144  9:33  Spine Crawler, Spore Crawler  
  144  9:37  Drone  
  144  9:38  Drone x5  
  148  9:42  Spine Crawler  
  148  9:43  Extractor x2  
  148  9:45  Overlord x3  
  145  9:49  Lurker x3  
  145  9:50  Lurker x4  
  152  9:54  Zergling x2  
  152  9:55  Zergling x22  
  152  9:57  Zergling x2  
  165  10:05  Seismic Spines  
  165  10:26  Zergling x2  
  165  10:27  Zergling x28  
  178  10:46  Zerg Flyer Weapons Level 1  
  139  11:13  Zergling x24  
  145  11:37  Hatchery  
  144  11:45  Corruptor  
  144  11:46  Corruptor x14  
  165  11:54  Overseer  
  165  11:55  Overseer, Overlord  
  165  11:56  Overlord x3  
  165  12:13  Overlord x2  
  165  12:30  Brood Lord x11  
  165  12:32  Brood Lord  
  189  12:38  Corruptor  
  189  12:39  Corruptor  
  193  12:48  Zergling x12  
  195  13:16  Zergling x4  
  195  13:17  Zergling x4  
Tags
 
Add a new tag
Caveats
  • Supply blocks, unpowered buildings, or Contaminate may cause inaccurate times.
  • Supply counts are checked every 10 seconds.